 Dungeon Crawl Stone Soup version 0.30.0-10-gfe55d96785 (webtiles) character file.

Game seed: 16741968880463112430

54 Kenran the Slasher (level 3, 0/31 HPs)
             Began as a Minotaur Cinder Acolyte on May 16, 2023.
             Was a High Priest of Ignis.
             Slain by a gnoll
             ... wielding a +0 flail
              (10 damage)
             ... on level 2 of the Dungeon.
             The game lasted 00:01:47 (1526 turns).

Kenran the Slasher (Minotaur Cinder Acolyte)        Turns: 1526, Time: 00:01:48

Health: 0/31       AC:  5    Str: 18    XL:     3   Next: 66%
Magic:  3/3        EV: 11    Int: 11    God:    Ignis [*****.]
Gold:   70         SH:  0    Dex:  7    Spells: 4/4 levels left

rFire   + . .        a - -1 falchion (flame)
rCold   . . .        (no shield)
rNeg    . . .        b - +0 robe
rPois   .            (helmet restricted)
rElec   .            h - +2 cloak
rCorr   .            (no gloves)
SInv    .            (no boots)
Will    .....        (no amulet)
Stlth   +            (no ring)
HPRegen 0.25/turn    (no ring)
MPRegen 0.08/turn

%: no passive effects
@: no status effects
A: horns 2, retaliatory headbutt
a: Renounce Religion, Fiery Armour, Foxfire Swarm, Rising Flame


You were on level 2 of the Dungeon.
You worshipped Ignis.
Ignis was extremely pleased with you.
You visited 1 branch of the dungeon, and saw 2 of its levels.

You collected 70 gold pieces.

Inventory:

Hand Weapons
 a - a -1 falchion of flaming (weapon)
Missiles
 j - a throwing net (quivered)
Armour
 b - a +0 robe (worn)
 h - a +2 cloak (worn)
Jewellery
 f - a ring of positive energy
Scrolls
 c - a scroll of silence {unknown}
 d - 3 scrolls of poison {unknown}
 e - a scroll of amnesia {unknown}
 g - a scroll of vulnerability {unknown}
Potions
 i - a potion of mutation {unknown}


   Skills:
 - Level 3.6 Fighting
 + Level 5.7 Long Blades
 - Level 1.0 Spellcasting
 - Level 2.1 Fire Magic


You had 4 spell levels left.
You didn't know any spells.
Your spell library contained the following spells:

 Spells                   Type           Power      Damage    Failure   Level
 Scorch                   Fire           10%        2d5       21%         2
 Sting                    Tmut/Pois      0%         1d3       32%         1
 Poisonous Vapours        Pois/Air       0%         N/A       43%         2
 Olgreb's Toxic Radiance  Pois           0%         N/A       97%         4


Dungeon Overview and Level Annotations

Branches:
Dungeon (2/15)

Altars:


Innate Abilities, Weirdness & Mutations

You have a pair of horns on your head.
You reflexively headbutt those who attack you in melee.


Message History

The endoplasm barely misses you.
You hit the endoplasm. You burn the endoplasm.
The endoplasm is almost dead.
The endoplasm hits you.
You hit the endoplasm but do no damage.
You headbutt the endoplasm, but do no damage.
The endoplasm is almost dead.
The endoplasm barely misses you. The gnoll attacks as you move away!
The gnoll closely misses you. You furiously retaliate!
You headbutt the gnoll! The gnoll attacks as you move away!
The gnoll barely misses you. The gnoll attacks as you move away!
The gnoll closely misses you. You furiously retaliate!
You headbutt the gnoll! The gnoll attacks as you move away!
The gnoll closely misses you. The endoplasm attacks as you move away!
The endoplasm barely misses you. The gnoll closely misses you.
You barely miss the gnoll.
The gnoll is severely wounded.
The gnoll barely misses you. The gnoll closely misses you.
You closely miss the gnoll.
The gnoll is heavily wounded.
The gnoll closely misses you. The gnoll hits you with a +0 flail!
The endoplasm hits you but does no damage.
You closely miss the gnoll.
The gnoll is heavily wounded.
The gnoll hits you with a +0 whip. The gnoll barely misses you.
The endoplasm closely misses you.
You closely miss the gnoll.
The gnoll is heavily wounded.
The gnoll hits you but does no damage. The gnoll barely misses you.
The endoplasm hits you but does no damage.
You barely miss the gnoll. Your headbutt misses the gnoll.
The gnoll is heavily wounded.
The gnoll hits you with a +0 whip. The gnoll hits you with a +0 flail.
The endoplasm barely misses you. You furiously retaliate!
You headbutt the endoplasm, but do no damage.
You hit the endoplasm. You burn the endoplasm.
You kill the endoplasm!
The gnoll barely misses you. The gnoll hits you with a +0 flail!
You die...

#...........# #.......
#...........# ........
#...........#.....8..∩
#............)........
#................#.#..
#..................
#..............#...
############.g.......#....
#...........@g...........#
#............g............
#.....................###.
#.........................
#.........................
#............>..#..##....
#...░░'░░░......†.........
#...░....░....)†...#####..
####░.⌠..░.....#..##


You could see 2 gnolls and a hobgoblin.

Vanquished Creatures
  2 adders (D:2)
  A gnoll (D:2)
  2 dart slugs (D:1)
  2 endoplasms
  A giant cockroach (D:2)
  2 hobgoblins (D:2)
  4 jackals (D:2)
  2 ball pythons (D:2)
  A bat (D:1)
  3 frilled lizards
  4 goblins
24 creatures vanquished.

Notes
Turn   | Place    | Note
-------+----------+-------------------------------------------
     0 | D:1      | Kenran the Minotaur Cinder Acolyte began the quest for the
                  | Orb.
     0 | D:1      | Reached XP level 1. HP: 19/19 MP: 1/1
   409 | D:1      | Reached skill level 4 in Long Blades
   646 | D:1      | Reached XP level 2. HP: 26/26 MP: 2/2
  1429 | D:2      | Reached skill level 5 in Long Blades
  1429 | D:2      | Reached XP level 3. HP: 29/31 MP: 3/3
  1526 | D:2      | Slain by a gnoll

Illustrated notes

Levels and vault maps discovered:
D:1:      dpeg_arrival_round_a, layout_basic, chequers_serial_rivers_micro_e
D:2:      layout_rooms, hellmonk_ecumenical_altar_arch_garden,
          kennysheep_generic_room_14

Skill      XL: |  1  2 |
---------------+-------+-----
Long Blades    | 4 5 |  5.7
Fighting       | |  3.6
Spellcasting   | |  1.0
Fire Magic     | |  2.1

Action                     || total
---------------------------++-------
  Melee: Falchion          ||    75
         Headbutt          ||     8
         Punch             ||     1
 Armour: Robe              ||    29
  Dodge: Dodged            ||    62
